 Dungeon Crawl Stone Soup version 0.24.0-2-g5b39cebb1c (webtiles) character file.

Game seed: 12378907557285649706, levelgen mode: deterministic

135 Chiseanne the Sneak (level 5, -1/34 HPs)
             Began as an Octopode Air Elementalist on Oct 30, 2019.
             Slain by Grinder (3 damage)
             ... while paralysed by Grinder
             ... on level 3 of the Dungeon.
             The game lasted 00:04:03 (3685 turns).

Chiseanne the Sneak (Octopode Air Elementalist)     Turns: 3685, Time: 00:04:04

Health: -1/34      AC:  1    Str:  8    XL:     5   Next: 18%
Magic:  4/8        EV:  2    Int: 18    God:
Gold:   152        SH:  0    Dex: 12    Spells: 8/9 levels left

rFire    . . .     SeeInvis .   a - +1 mace
rCold    . . .     Gourm    .   (no shield)
rNeg     . . .     Faith    .   (helmet restricted)
rPois    .         Spirit   .   (no amulet)
rElec    .         Reflect  .   (no ring)
rCorr    .         Harm     .   (no ring)
MR       .....                  (no ring)
Stlth    +++.......             (no ring)
HPRegen  0.11/turn              (no ring)
MPRegen  0.11/turn              (no ring)
                                (no ring)
                                (no ring)

@: paralysed
A: almost no armour, stealthy swim, amphibious, 8 rings, constrict 8, camouflage
1, gelatinous body 1
a: no special abilities


You were on level 3 of the Dungeon.
You were not hungry.

You visited 1 branch of the dungeon, and saw 3 of its levels.

You collected 152 gold pieces.

Inventory:

Hand Weapons
 a - a +1 mace (weapon)
Missiles
 e - 126 stones (quivered)
 h - 48 arrows
 j - 38 bolts
Scrolls
 c - 2 scrolls of enchant weapon
 g - a scroll of identify
Potions
 d - a potion of magic
 f - 2 potions of curing
 l - a potion of resistance
Comestibles
 b - 4 rations


   Skills:
 * Level 1.6 Fighting
 * Level 2.7 Dodging
 * Level 3.8 Stealth
 * Level 2.5 Spellcasting
 * Level 2.1 Conjurations
 * Level 3.5 Air Magic


You had 8 spell levels left.
You knew the following spells:

 Your Spells              Type           Power        Failure   Level  Hunger
a - Shock                 Conj/Air       ##..         5%          1    #......

Your spell library contained the following spells:

 Spells                   Type           Power        Failure   Level  Hunger
 Swiftness                Chrm/Air       #.......     12%         2    ##.....
 Static Discharge         Conj/Air       ##......     16%         3    ###....
 Confusing Touch          Hex            #.....       17%         1    #......
 Airstrike                Air            ###.......   36%         4    #####..
 Confuse                  Hex            #.......     45%         3    ###....
 Gell's Gravitas          Tloc           #.........   45%         3    ###....
 Lightning Bolt           Conj/Air       ##........   83%         5    ######.
 Petrify                  Tmut/Erth      #.......     86%         4    #####..
 Metabolic Englaciation   Hex/Ice        #.........   99%         5    ######.
 Yara's Violent Unravell  Hex/Tmut       #.........   99%         5    ######.


Dungeon Overview and Level Annotations

Branches:
Dungeon (3/15)

Altars:

Annotations:
D:3 Grinder


Innate Abilities, Weirdness & Mutations

You cannot wear most types of armour.
You are very stealthy in the water. (Stealth+)
You are amphibious.
You can wear up to eight rings at the same time.
You can use your tentacles to constrict eight enemies at once.
Your skin changes colour to match your surroundings (Stealth+).
Your rubbery body absorbs attacks. (AC +1, EV +1)


Message History

Grinder gestures at you. You resist with significant effort.
The ball python bites you but does no damage.
The ball python misses you.
You hit the ball python.
You kill the ball python!
Grinder hits you!
You writhe in agony.
You see here a ball python corpse.
Grinder gestures at you.
You suddenly lose the ability to move!
Your magical contamination has completely faded away.
Grinder hits you.
* * * LOW HITPOINT WARNING * * *
You writhe in agony.
* * * LOW HITPOINT WARNING * * *
Grinder blinks!
Grinder hits you.
* * * LOW HITPOINT WARNING * * *
You writhe in agony.
You die...

#.......<.....#
##.............#
#.)....o#.######
.)..####.#.# .#.
#5#.# # #.#.#
#.#..
#w#########
#....†.o@5#
###########


You could see Grinder, a worm and an orc.

Vanquished Creatures
  4 gnolls
  2 adders
  An ooze (D:1)
  3 worms (D:2)
  2 dart slugs
  2 leopard geckos (D:2)
  3 orcs (D:3)
  2 ball pythons
  5 bats (D:1)
  5 giant cockroaches
  7 goblins
  7 hobgoblins
  3 jackals (D:1)
  4 frilled lizards (D:2)
  A kobold (D:1)
  4 rats
55 creatures vanquished.

Notes
Turn   | Place    | Note
-------+----------+-------------------------------------------
     0 | D:1      | Chiseanne the Octopode Air Elementalist began the quest for
                  | the Orb.
     0 | D:1      | Reached XP level 1. HP: 11/11 MP: 3/3
   229 | D:1      | Reached XP level 2. HP: 18/18 MP: 0/5
   870 | D:1      | Reached XP level 3. HP: 22/22 MP: 4/6
  1304 | D:2      | Reached skill level 1 in Fighting
  1672 | D:2      | Reached XP level 4. HP: 16/28 MP: 7/7
  2964 | D:2      | Reached XP level 5. HP: 33/33 MP: 6/8
  3521 | D:3      | Noticed Grinder
  3681 | D:3      | Paralysed by Grinder for 7 turns
  3685 | D:3      | Slain by Grinder

Levels and vault maps discovered:
D:1:      scummos_arrival_simple_fountains, layout_basic, minmay_bisected
D:2:      layout_loops_ring
D:3:      layout_basic, first_ration, nicolae_ru_sacrificial_ziggurat,
          uniq_sigmund, uniq_terence, uniq_grinder

Skill      XL: |  1  2  3  4 |
---------------+-------------+-----
Stealth        | 3 |  3.8
Fighting       | 1 |  1.6
Conjurations   | 2 |  2.1
Dodging        | |  2.7
Spellcasting   | |  2.5
Air Magic      | |  3.5

Action                   |  1- 3 |  4- 6 || total
-------------------------+-------+-------++-------
Melee: Unarmed           |    12 |       ||    12
       Constrict         |     9 |     4 ||    13
       Tentacles         |     4 |     2 ||     6
       Mace              |    12 |     8 ||    20
 Cast: Shock             |    50 |    89 ||   139
  Use: Scroll            |     2 |     4 ||     6
 Stab: Sleeping          |     3 |       ||     3
  Eat: Chunk             |     3 |     6 ||     9
Armor: Skin              |     3 |     1 ||     4
Dodge: Dodged            |    25 |    19 ||    44
